 Dungeon Crawl Stone Soup version 0.19-a0-934-gf1df8d1 (webtiles) character file.

151282 Geppetto the Peltast (level 17, -5/166 HPs)
             Began as a Tengu Fighter on July 7, 2016.
             Was a High Priest of Trog.
             Killed from afar by a thorn hunter (18 damage)
             ... with a volley of thorns
             ... on level 2 of the Swamp.
             The game lasted 02:27:14 (28351 turns).

Geppetto the Peltast (Tengu Fighter)               Turns: 28351, Time: 02:27:15

Health: -5/166     AC: 17    Str: 23 (25) XL:     17   Next: 25%
Magic:  0/6        EV: 25    Int: 10 (11) God:    Trog [*****.]
Gold:   2063       SH: 15    Dex: 20      Spells: 0 memorised, 16 levels left

rFire  x . .     SeeInvis .     I - +4 demon blade (antimagic)
rCold  + + .     Gourm    +     n - +0 scale mail of Fallacy {rElec rC+ Regen+ rCorr}
rNeg   + . .     Faith    .     k - +0 shield of Resilience {rN+ Regen+ Int+2}
rPois  .         Spirit   +     F - +2 hat {Spirit}
rElec  +         Dismiss  .     S - +0 cloak
rCorr  +         Reflect  .     y - +2 pair of gloves
SustAt .         Harm     .     (boots unavailable)
MR     +....                    L - amulet of the gourmand
Stlth  ..........               h - ring of ice
                                g - +3 ring of dexterity

@: berserking, flying quickly and evasively, very quick, somewhat resistant to
hostile enchantments, extremely unstealthy
A: beak, talons 3, blurry vision 1, deterioration 1, able to fly 2
a: Stop Flying, Berserk, Trog's Hand, Brothers in Arms, Burn Spellbooks,
Renounce Religion
}: 1/15 runes: gossamer


You were on level 2 of the Swamp.
You worshipped Trog.
Trog was extremely pleased with you.
You were very full.

You visited 5 branches of the dungeon, and saw 26 of its levels.

You collected 2664 gold pieces.
You spent 601 gold pieces at shops.

Inventory:

Hand Weapons
 r - the +10 long sword of the Tooth {flame, rF+ Str+5 Int+2}
   (You found it on level 7 of the Dungeon)

   It has been specially enchanted to burn those struck by it, causing extra
   injury to most foes and up to half again as much damage against particularly
   susceptible opponents.
   Big, fiery blades are also staple armaments of hydra-hunters.
   It affects your strength (+5).
   It affects your intelligence (+2).
   It protects you from fire.
 G - the +7 long sword of Fixation {holy, Int+4}
   (Trog gifted it to you on level 3 of the Spider Nest)

   It has been blessed by the Shining One to cause great damage to the undead
   and demons.
   It affects your intelligence (+4).
 I - a +4 antimagic demon blade (weapon)
Armour
 k - the +0 shield of Resilience (worn) {rN+ Regen+ Int+2}
   (You found it on level 5 of the Dungeon)

   It affects your intelligence (+2).
   It protects you from negative energy.
   It increases your rate of regeneration.
 n - the +0 scale mail of Fallacy (worn) {rElec rC+ Regen+ rCorr}
   (You found it on level 4 of the Dungeon)

   It protects you from cold.
   It insulates you from electricity.
   It increases your rate of regeneration.
   It protects you from acid and corrosion.
 y - a +2 pair of gloves (worn)
 F - a +2 hat of spirit shield (worn)
 K - a +0 steam dragon armour
 S - a +0 cloak (worn)
Jewellery
 g - a +3 ring of dexterity (left hand)
 h - a ring of ice (right hand)
 j - an uncursed amulet of dismissal
 m - an uncursed amulet of rage
 L - an amulet of the gourmand (around neck)
 N - an uncursed ring of protection from fire
Wands
 b - a wand of polymorph (14/24)
 C - a wand of digging (9/24)
 Q - a wand of digging (12/24)
Scrolls
 c - 2 scrolls of fear
 e - 3 scrolls of fog
 i - 8 scrolls of recharging
 l - a scroll of blinking
 q - 3 scrolls of magic mapping
 v - 3 scrolls of enchant armour
 D - 5 scrolls of teleportation
 J - 6 scrolls of remove curse
 O - a scroll of identify
Potions
 a - a potion of berserk rage
 d - a potion of heal wounds {unknown}
 o - 3 potions of might
 p - 9 potions of curing
 s - a potion of cancellation {unknown}
 A - 2 potions of haste
 B - 3 potions of brilliance
 M - a potion of agility
 P - 3 potions of ambrosia
 R - 2 potions of lignification
Miscellaneous
 x - a phial of floods
 H - a fan of gales
Comestibles
 f - 10 bread rations
 t - 3 beef jerkies
 u - 4 slices of pizza
 w - 5 meat rations
 z - 2 royal jellies
 E - 44 fruits


   Skills:
 + Level 14.3 Fighting
 - Level 14.0 Long Blades
 - Level 15.0 Armour
 * Level 13.4 Dodging
 - Level 15.1 Shields


You had 16 spell levels left.
You didn't know any spells.

Dungeon Overview and Level Annotations

Branches:
Dungeon (12/15)            Temple (0/1) D:4            Lair (6/6) D:11
  Swamp (2/4) Lair:2       Spider (4/4) Lair:3        Slime (0/5) Lair:6
    Orc (2/2) D:12            Elf (0/3) Orc:2

Altars:
Ashenzari
Dithmenos
Elyvilon
Fedhas
Gozag
Hepliaklqana
Kikubaaqudgha
Makhleb
Pakellas
Qazlal
Trog
Vehumet
Xom
Yredelemnul
The Shining One
Beogh

Shops:
D:10 [   Orc:2 ?}[(

Portals:
Hell: Lair:6
Trove: D:11 (give +2 gold dragon armour)

Annotations:
D:7 Prince Ribbit


Innate Abilities, Weirdness & Mutations

You have a beak for a mouth.
You have claws for feet.
You can fly continuously.
Scrolls take you a little longer to read.
Your body sometimes deteriorates upon taking damage.


Message History

The spriggan druid is heavily wounded.
A root smacks you from below.
* * * LOW HITPOINT WARNING * * *
You slash the spriggan druid!
The spriggan druid's magic leaks into the air.
Your kick misses the spriggan druid. Your peck misses the spriggan druid.
The spriggan druid is almost dead.
The briar patch crumbles away. x2; You block the thorn hunter's attack.
The thorn hunter hits you!
* * * LOW HITPOINT WARNING * * *
The spriggan druid splashes around in the water.
You barely miss the thorn hunter. Your kick misses the thorn hunter.
You peck the thorn hunter.
The thorn hunter is severely damaged.
Trunks creak and shift.
A root smacks you from below.
* * * LOW HITPOINT WARNING * * *
The thorn hunter fires a volley of thorns at you.
The volley of thorns hits you!
You die... ♣...♣♣ ♣..♣<♣ ♣≈≈.♣ ♣♣.≈(♣♣ ♣♣≈.♣ ♣PPPP♣

♣..♣
♣PPP♣♣
♣≈≈♣ ♣P≈.♣
♣.♣♣ ♣...♣
♣.♣.♣♣
♣.≈≈.♣
♣.≈@♣♣
♣.fi♣
♣.≈≈♣
♣/..♣
♣...≈
♣≈♣≈≈.
≈≈♣.♣.[
♣.≈≈.≈≈≈.
♣.♣≈.≈≈≈.≈


You could see a thorn hunter and a spriggan druid.

Vanquished Creatures
  Asterion (Spider:2)
  Gastronok (Lair:2)
  Roxanne (Swamp:1)
  4 ghost moths
  An orc warlord (Orc:2)
  4 emperor scorpions (Spider:4)
  5 entropy weavers
  2 spark wasps (Spider:4)
  Snorg (Orc:2)
  Josephine (Lair:5)
  6 hydras
  Erolcha (Orc:1)
  The ghost of ilikecats the Destroyer, a journeyman DrCj of Vehumet (Lair:3)
  4 death yaks
  Sonja (D:12)
  4 orc high priests (Orc:2)
  Nergalle (Lair:2)
  An unseen horror (D:12)
  A wizard (Lair:6)
  A shambling mangrove (Swamp:1)
  4 hill giants
  16 orb spiders
  5 orc knights (Orc:2)
  7 hornets
  2 ugly things
  2 moths of wrath (Spider:4)
  3 cyclopes
  A manticore (D:11)
  2 griffons
  21 wolf spiders
  7 orc sorcerers (Orc:2)
  An elephant (Lair:5)
  Maurice (D:12)
  4 black mambas
  A gargoyle (D:11)
  2 torpor snails (Spider:1)
  10 spiny frogs
  4 rime drakes (Lair:6)
  9 komodo dragons
  2 ice devils (Lair:6)
  7 trolls
  25 jumping spiders
  9 demonic crawlers
  2 two-headed ogres (Orc:2)
  4 giant leeches
  18 slime creatures
  10 blink frogs
  The ghost of tstbtto the Carver, an amateur HEFi (D:5)
  3 boulder beetles
  37 yaks
  6 wyverns
  51 redbacks
  24 tarantellas
  A vampire (D:10)
  2 shadows
  3 basilisks
  3 wraiths (Lair:5)
  A human (D:8)
  Eustachio (D:4)
  2 hungry ghosts
  A steam dragon (Lair:3)
  7 hippogriffs
  4 vampire mosquitoes
  Menkaure (D:7)
  A warg (Orc:2)
  16 swamp worms
  8 insubstantial wisps (Swamp:1)
  A soldier ant (D:12)
  10 water moccasins
  7 porcupines
  Duvessa (D:4)
  2 swamp drakes (Swamp:1)
  34 orc warriors
  5 phantoms
  3 sky beasts
  A black bear (Lair:4)
  25 ogres
  2 ice beasts
  2 necrophages
  10 wasps
  4 wolves (Lair:5)
  2 centaurs
  11 crocodiles
  2 big kobolds
  A wyvern zombie (D:10)
  Blork the orc (D:4)
  14 giant frogs
  A gnoll sergeant (D:11)
  Dowan (D:4)
  7 scorpions
  9 killer bees
  20 wights
  A vampire bat (D:4)
  An electric eel (Lair:6)
  4 howler monkeys
  5 jellies
  4 crimson imps
  2 quasits
  3 centaur zombies
  3 centaur skeletons
  5 hounds
  A gnoll shaman (D:8)
  39 orc priests
  4 giant frog skeletons
  4 iguanas
  31 orc wizards
  6 hell rats (Lair:2)
  11 worker ants
  4 sheep
  A hound skeleton (D:6)
  A worker ant zombie (D:10)
  A howler monkey zombie (D:5)
  12 gnolls
  14 adders
  78 river rats
  2 shadow imps
  2 oozes
  3 adder skeletons
  13 worms
  4 dart slugs
  3 giant geckos
  138 orcs
  9 bats
  4 bat skeletons (D:4)
  A bat zombie (D:4)
  5 giant cockroaches
  7 goblins
  6 hobgoblins
  16 jackals
  29 kobolds
  4 quokkas
  A giant cockroach zombie (D:6)
  9 giant newts
  A jackal skeleton (D:4)
  A jackal zombie (D:6)
  A quokka skeleton (D:4)
  A quokka zombie (D:6)
  12 rats
  A fungus (D:11)
  7 plants
1085 creatures vanquished.

Vanquished Creatures (collateral kills)
  A ghost moth (Spider:4)
  An emperor scorpion (Spider:4)
  A hydra (Lair:4)
  A sun demon (Lair:6)
  An oklob plant (Lair:4)
  An orc sorcerer (Orc:2)
  2 orb spiders (Spider:4)
  2 orange demons (Lair:6)
  A smoke demon (Lair:6)
  3 ice devils (Lair:6)
  A hellwing (Lair:6)
  2 red devils (Lair:6)
  A jumping spider (Spider:4)
  2 blink frogs (Lair:4)
  A tarantella (Spider:4)
  2 insubstantial wisps (Swamp:1)
  A porcupine (Lair:4)
24 creatures vanquished.

Vanquished Creatures (others)
  An entropy weaver (Spider:3)
  An unseen horror (D:12)
  A rime drake (Lair:3)
  A jumping spider (Spider:1)
  A redback (Spider:1)
  A tarantella (Spider:4)
  A water moccasin (Lair:4)
  3 briar patches (Swamp:2)
  5 fungi
  3 plants
18 creatures vanquished.

Grand Total: 1127 creatures vanquished

Notes
Turn   | Place    | Note
-------+----------+-------------------------------------------
     0 | D:1      | Geppetto the Tengu Fighter began the quest for the Orb.
     0 | D:1      | Reached XP level 1. HP: 14/14 MP: 2/2
   168 | D:1      | Reached XP level 2. HP: 19/19 MP: 3/3
   854 | D:2      | Reached XP level 3. HP: 21/23 MP: 4/4
   961 | D:2      | Found a shadowy altar of Dithmenos.
  1251 | D:2      | Found a blossoming altar of Fedhas.
  1251 | D:2      | Found a stormy altar of Qazlal.
  1300 | D:2      | Reached XP level 4. HP: 19/28 MP: 5/5
  1481 | D:2      | Found a radiant altar of Vehumet.
  1482 | D:2      | Found a glowing golden altar of the Shining One.
  1482 | D:2      | Found a bloodstained altar of Trog.
  1483 | D:2      | Found a shattered altar of Ashenzari.
  1492 | D:2      | Became a worshipper of Trog the Wrathful
  2022 | D:3      | Found an oddly glowing altar of Pakellas.
  2489 | D:3      | Gained mutation: You can fly. [Tengu growth]
  2489 | D:3      | Reached XP level 5. HP: 27/33 MP: 6/6
  2673 | D:3      | Reached * piety under Trog
  3168 | D:3      | Reached XP level 6. HP: 39/39 MP: 7/7
  3349 | D:4      | Found a staircase to the Ecumenical Temple.
  3373 | D:4      | Reached skill level 5 in Long Blades
  3627 | D:4      | Found a hazy altar of Hepliaklqana.
  3628 | D:4      | Found a shimmering altar of Xom.
  3628 | D:4      | Noticed a caustic shrike
  3629 | D:4      | Noticed a spectral ugly thing
  3629 | D:4      | Noticed a caustic shrike
  3710 | D:4      | Reached XP level 7. HP: 44/44 MP: 8/8
  3801 | D:4      | Got an encrusted scale mail
  3812 | D:4      | Identified the cursed +0 scale mail of Fallacy {rElec rC+ Regen+ rCorr} (You found it on level 4 of the Dungeon)
  3817 | D:4      | Noticed Eustachio
  3830 | D:4      | Killed Eustachio
  3830 | D:4      | Reached ** piety under Trog
  3984 | D:4      | Reached skill level 5 in Fighting
  3985 | D:4      | Found an ancient bone altar of Kikubaaqudgha.
  4027 | D:4      | Reached skill level 5 in Shields
  4053 | D:4      | Noticed Duvessa
  4120 | D:4      | Killed Duvessa
  4143 | D:4      | Noticed Dowan
  4171 | D:4      | Killed Dowan
  4171 | D:4      | Reached XP level 8. HP: 45/49 MP: 9/9
  4295 | D:4      | Found a white marble altar of Elyvilon.
  4297 | D:4      | Noticed Blork the orc
  4303 | D:4      | Killed Blork the orc
  4555 | D:5      | Entered Level 5 of the Dungeon
  4557 | D:5      | Noticed tstbtto's ghost (amateur HEFi)
  4776 | D:5      | Killed tstbtto's ghost
  4874 | D:5      | Got a transparent shield
  4885 | D:5      | Identified the +0 shield of Resilience {rN+ Regen+ Int+2} (You found it on level 5 of the Dungeon)
  4905 | D:5      | Found an oddly glowing altar of Pakellas.
  5040 | D:5      | Reached XP level 9. HP: 56/56 MP: 10/10
  5146 | D:5      | Reached *** piety under Trog
  6185 | D:7      | Reached skill level 10 in Long Blades
  6272 | D:7      | Reached **** piety under Trog
  6415 | D:7      | Noticed Menkaure
  6426 | D:7      | Killed Menkaure
  6573 | D:7      | Noticed Prince Ribbit
  6760 | D:7      | Reached XP level 10. HP: 63/63 MP: 11/11
  6768 | D:7      | Found a basalt altar of Yredelemnul.
  6776 | D:7      | Got a translucent long sword
  6778 | D:7      | Identified the +10 long sword of the Tooth {flame, rF+ Str+5 Int+2} (You found it on level 7 of the Dungeon)
  7745 | D:8      | Found an opulent altar of Gozag.
  7903 | D:9      | Reached ***** piety under Trog
  8196 | D:9      | Reached XP level 11. HP: 69/69 MP: 12/12
  8230 | D:9      | Noticed a brown ugly thing
  8243 | D:9      | Killed a brown ugly thing
  8436 | D:10     | Entered Level 10 of the Dungeon
  8561 | D:10     | Noticed a hill giant
  8567 | D:10     | Killed a hill giant
  8796 | D:10     | Found Detus's Armour Shoppe.
  8824 | D:10     | Bought a +1 pair of gloves for 138 gold pieces
  8999 | D:10     | Noticed a hill giant
  9014 | D:10     | Killed a hill giant
  9718 | D:11     | Reached ****** piety under Trog
  9895 | D:11     | Reached skill level 10 in Shields
  9910 | D:11     | Noticed a hill giant
 10028 | D:11     | Found a staircase to the Lair.
 10060 | D:11     | Killed a hill giant
 10060 | D:11     | Reached skill level 10 in Fighting
 10060 | D:11     | Reached skill level 1 in Dodging
 10060 | D:11     | Reached XP level 12. HP: 77/77 MP: 13/13
 10149 | D:11     | Found a portal to a secret trove of treasure.
 10439 | D:11     | Received a gift from Trog
 10460 | Lair:1   | Entered Level 1 of the Lair of Beasts
 10809 | Lair:1   | Noticed a six-headed hydra
 10816 | Lair:1   | Killed a four-headed hydra
 11217 | Lair:2   | Reached skill level 5 in Armour
 11284 | Lair:2   | Noticed Gastronok
 11318 | Lair:2   | Killed Gastronok
 11718 | Lair:2   | Noticed Nergalle
 11726 | Lair:2   | Killed Nergalle
 12036 | Lair:2   | Found a staircase to the Swamp.
 12057 | Lair:2   | Received a gift from Trog
 12058 | Lair:2   | Got a faintly glowing glaive {god gift}
 12119 | Lair:2   | Identified the +2 glaive of Seti {flame, rC++} (Trog gifted it to you on level 2 of the Lair of Beasts)
 12766 | Lair:3   | Found a hole to the Spider Nest.
 13021 | Lair:3   | Noticed ilikecats's ghost (journeyman DrCj)
 13033 | Lair:3   | Killed ilikecats's ghost
 13447 | Lair:3   | Reached XP level 13. HP: 82/82 MP: 14/14
 14232 | Lair:4   | Reached skill level 10 in Armour
 14446 | Lair:4   | Reached skill level 5 in Dodging
 14960 | Lair:5   | Noticed Josephine
 14977 | Lair:5   | Killed Josephine
 15094 | Lair:5   | Received a gift from Trog
 15673 | Lair:6   | Entered Level 6 of the Lair of Beasts
 16351 | Lair:6   | Gained mutation: You can fly continuously. [Tengu growth]
 16351 | Lair:6   | Reached XP level 14. HP: 86/88 MP: 15/15
 16378 | Lair:6   | Found a burning altar of Makhleb.
 16402 | Lair:6   | Received a gift from Trog
 16445 | Lair:6   | Found a gateway to Hell.
 16532 | Lair:6   | Reached skill level 10 in Dodging
 16675 | Lair:6   | Found a staircase to the Slime Pits.
 17640 | D:12     | Noticed Maurice
 17646 | D:12     | Killed Maurice
 17691 | D:12     | Noticed Sonja
 17726 | D:12     | Killed Sonja
 18200 | D:12     | Found a staircase to the Orcish Mines.
 18436 | D:12     | Received a gift from Trog
 18542 | Orc:1    | Entered Level 1 of the Orcish Mines
 18684 | Orc:1    | Noticed Erolcha
 18897 | Orc:1    | Killed Erolcha
 19167 | Orc:2    | Entered Level 2 of the Orcish Mines
 19167 | Orc:2    | Noticed Snorg
 19172 | Orc:2    | Received a gift from Trog
 19183 | Orc:2    | Killed Snorg
 19837 | Orc:2    | Found a staircase to the Elven Halls.
 20053 | Orc:2    | Found Roumn's Magic Scroll Emporium.
 20233 | Orc:2    | Noticed an orc warlord
 20235 | Orc:2    | Paralysed by an orc sorcerer for 5 turns
 20253 | Orc:2    | Killed an orc warlord
 20258 | Orc:2    | HP: 3/135 [smoke demon/ball of steam[an orc warlord] (31)]
 20361 | Orc:2    | Received a gift from Trog
 20366 | Orc:2    | Found Yskum's Gadget Shoppe.
 20440 | Orc:2    | Reached XP level 15. HP: 95/95 MP: 5/16
 20505 | Orc:2    | Found a roughly hewn altar of Beogh.
 20612 | Orc:2    | Reached skill level 15 in Shields
 20751 | Orc:2    | Bought a scroll of teleportation for 45 gold pieces
 20751 | Orc:2    | Bought a scroll of fear for 52 gold pieces
 20751 | Orc:2    | Bought a scroll of blinking for 112 gold pieces
 20751 | Orc:2    | Bought a scroll of recharging for 142 gold pieces
 20751 | Orc:2    | Bought a scroll of blinking for 112 gold pieces
 20911 | Orc:2    | Found a roughly hewn altar of Beogh.
 21120 | Orc:2    | Found Coahezox's Weapon Boutique.
 21138 | Orc:2    | Found Roroiff's Antique Armour Shop.
 21775 | Spider:1 | Entered Level 1 of the Spider Nest
 21790 | Spider:1 | Received a gift from Trog
 21952 | Spider:1 | Killed a ghost moth
 22532 | Spider:2 | Noticed Asterion
 22550 | Spider:2 | Noticed a balrug
 22861 | Spider:2 | Noticed a cacodemon
 22906 | Spider:2 | Gained mutation: Scrolls take you a little longer to read. [a cacodemon]
 22915 | Spider:2 | Gained mutation: Your body sometimes deteriorates upon taking damage. [a cacodemon]
 22920 | Spider:2 | Killed Asterion
 23012 | Spider:2 | Received a gift from Trog
 24145 | Spider:3 | Reached XP level 16. HP: 103/103 MP: 5/17
 24514 | Spider:3 | Received a gift from Trog
 24601 | Spider:3 | Got a jewelled long sword {god gift}
 24602 | Spider:3 | Identified the +7 long sword of Fixation {holy, Int+4} (Trog gifted it to you on level 3 of the Spider Nest)
 24979 | Spider:4 | Entered Level 4 of the Spider Nest
 26091 | Spider:4 | Received a gift from Trog
 26381 | Spider:4 | Reached skill level 15 in Armour
 26936 | Spider:4 | Got a gossamer rune of Zot
 27144 | Lair:2   | Reached XP level 17. HP: 89/110 MP: 4/18
 27168 | Swamp:1  | Entered Level 1 of the Swamp
 27736 | Swamp:1  | Noticed Roxanne
 28225 | Swamp:1  | Killed Roxanne
 28351 | Swamp:2  | Killed from afar by a thorn hunter

Vault maps used:
D:1:      sevenhm_arrival_forest_fort_large_4, st_stairs_1
D:2:      grunt_temple_overflow_forces_of_nature, lemuel_crystal_altar,
          minitemple, first_bread
D:3:      grunt_pakellas_salt
D:4:      regret_index_temple_of_mockery, kennysheep_vampire_church,
          elyvilon_altar_5, grunt_decor_fettered, uniq_eustachio,
          uniq_blork_the_orc, uniq_duvessa
D:5:      kennysheep_kobold_camp, lemuel_statue_altar
D:7:      yredelemnul_altar_generic, uniq_menkaure, uniq_prince_ribbit1
D:8:      lemuel_coloured_pillars_altar, grunt_livestock
D:9:      minmay_curly_fans
D:10:     serial_shops, nicolae_shop_statue_plus, grunt_ministairs_11,
          minivault_24
D:11:     grunt_lair_entry_orc_guard_hut, enter_trove_3,
          hangedman_abyss_or_decor_slice
D:12:     orc_0_dummy, uniq_sonja, uniq_maurice
Lair:1:   minivault_23, grunt_forest_small_clearings
Lair:2:   minmay_swamp_entry_worms, uniq_nergalle, uniq_gastronok
Lair:3:   spider_nest_entry_webs, bobbens_dragon_lair_wall
Lair:4:   boulder_dual_corridor_run, serial_bayou_shore_a
Lair:5:   st_stairs_8, uniq_josephine
Lair:6:   evil_forest, minmay_slime_entry_pillars, lemuel_fruit_tree,
          lemuel_fruit_fields, infiniplex_staircase_pool
Swamp:1:  evilmike_swamp_ruin_house_5, uniq_roxanne
Swamp:2:  evilmike_swamp_ruin_house_6
Spider:2: nicolae_spider_mines_3, uniq_asterion
Spider:3: worms_lemuel
Spider:4: guppyfry_spider_rune
Orc:1:    guppyfry_library_mini, uniq_erolcha
Orc:2:    pubby_orc_utopia, uniq_snorg

Skill      XL: |  1  2  3  4  5  6  7  8  9 10 11 12 13 14 15 16 17 |
---------------+----------------------------------------------------+-----
Long Blades    | 3 4 5 7 8 10 12 14 | 14.0
Fighting       | 4 5 6 7 8 10 11 12 13 14 | 14.3
Shields        | 4 5 6 7 8 10 11 12 14 15 | 15.1
Dodging        | 1 3 9 10 11 12 13 | 13.4
Armour         | 9 10 12 15 | 15.0

Action                   |  1- 3 |  4- 6 |  7- 9 | 10-12 | 13-15 | 16-18 || total
-------------------------+-------+-------+-------+-------+-------+-------++-------
Melee: Long sword        |    82 |   194 |   453 |   567 |   557 |    33 ||  1886
       Kick              |    22 |    56 |   204 |   207 |   703 |   450 ||  1642
       Peck              |    17 |    22 |   141 |   145 |   448 |   289 ||  1062
       Demon blade       |       |       |       |       |  1066 |   942 ||  2008
Invok: Berserk           |       |     4 |    18 |    25 |    29 |    14 ||    90
       Burn Spellbooks   |       |       |     1 |     3 |     5 |     3 ||    12
       Trog's Hand       |       |       |     1 |     1 |     1 |     1 ||     4
       Brothers in Arms  |       |       |       |     1 |     3 |     4 ||     8
 Abil: Fly               |       |       |       |       |     2 |     1 ||     3
  Use: Scroll            |     4 |     3 |     7 |    14 |     7 |     3 ||    38
       Potion            |       |     2 |       |     2 |     2 |       ||     6
 Stab: Distracted        |       |       |       |     1 |     1 |       ||     2
  Eat: Chunk             |     1 |    11 |    23 |    41 |    90 |    29 ||   195
       Pizza             |       |       |     2 |     2 |     1 |       ||     5
       Bread ration      |       |       |     2 |       |       |       ||     2
       Meat ration       |       |       |       |     1 |       |       ||     1
Armor: Scale mail        |    27 |    57 |    80 |    66 |   185 |   133 ||   548
Dodge: Dodged            |    22 |    31 |    52 |    70 |   552 |   380 ||  1107
Block: Shield            |    35 |    74 |   134 |   208 |   672 |   418 ||  1541
